 Dungeon Crawl Stone Soup version 0.30.1-4-g462c640d31 (webtiles) character file.

Game seed: 994895258812726362

8558 Anriel the Spear-Bearer (level 11, -1/79 HPs)
             Began as a Demonspawn Gladiator on Aug 24, 2023.
             Was a Priest of Makhleb.
             Killed by vampiric draining
             ... invoked by a vampire
              (17 damage)
             ... on level 10 of the Dungeon.
             The game lasted 00:51:49 (8685 turns).

Anriel the Spear-Bearer (Demonspawn Gladiator)      Turns: 8685, Time: 00:51:50

Health: -1/79      AC: 26    Str: 19    XL:     11   Next: 11%
Magic:  14/14      EV:  5    Int: 10    God:    Makhleb [***...]
Gold:   659        SH: 26    Dex: 14    Spells: 10/10 levels left

rFire   + + .        a - +1 trident (flame)
rCold   . . .        C - +0 tower shield
rNeg    . . .        E - +4 plate armour {Will+}
rPois   .            i - +2 helmet
rElec   .            (cloak unavailable)
rCorr   .            b - +2 pair of gloves
SInv    .            p - +2 pair of boots
Will    +....        I - amulet of reflection Stlth
                     o - ring of protection from fire
HPRegen 0.33/turn    F - ring of protection from fire
MPRegen 0.14/turn

%: reflection
@: studying Translocations
A: large bone plates 1, powered by pain 2, condensation shield, weakness stinger
3
a: Renounce Religion, Minor Destruction, Lesser Servant of Makhleb


You were on level 10 of the Dungeon.
You worshipped Makhleb.
Makhleb was most pleased with you.
You visited 2 branches of the dungeon, and saw 11 of its levels.

You collected 659 gold pieces.

Inventory:

Hand Weapons
 a - a +1 trident of flaming (weapon)
 y - a +1 halberd of protection
Missiles
 d - 2 throwing nets
 e - a javelin
 D - 2 boomerangs (quivered)
Armour
 b - a +2 pair of gloves (worn)
 i - a +2 helmet (worn)
 p - a +2 pair of boots (worn)
 u - a +2 cloak
 C - a +0 tower shield (worn)
 E - a +4 plate armour of willpower (worn)
Jewellery
 n - the ring "Cecur" {Fire Contam Int+3 Dex+3}
   (You found it on level 6 of the Dungeon)

   [ring of fire]

   It enhances your fire magic.
   Int:       It affects your intelligence (+3).
   Dex:       It affects your dexterity (+3).
   rF:        It protects you from fire.
   rC:        It makes you vulnerable to cold.
   Contam:    It causes magical contamination when unequipped.
 o - a ring of protection from fire (left hand)
 r - an amulet of the acrobat
 s - a ring of wizardry
 F - a ring of protection from fire (right hand)
 I - an amulet of reflection (around neck)
 K - a ring of fire
Wands
 c - a wand of polymorph (10)
 m - a wand of flame (8)
 v - a wand of iceblast (16)
 H - a wand of charming (6)
Scrolls
 h - a scroll of brand weapon
 q - a scroll of immolation
 x - a scroll of poison
 z - 2 scrolls of fear
 L - a scroll of blinking {unknown}
 M - a scroll of fog
Potions
 f - 4 potions of heal wounds
 g - 5 potions of brilliance
 k - a potion of berserk rage
 l - 5 potions of curing
 t - 5 potions of haste
 w - a potion of ambrosia
 A - a potion of mutation {unknown}
 B - a potion of flight {unknown}
 G - a potion of cancellation {unknown}
 J - a potion of might
 N - a potion of resistance {unknown}
Miscellaneous
 j - a condenser vane


   Skills:
 - Level 5.0 Fighting
 * Level 8.4 Polearms
 - Level 5.0 Throwing
 + Level 6.7 Armour
 + Level 6.7 Dodging
 - Level 5.1 Shields
 - Level 5.1 Invocations
 - Level 5.0 Evocations


You had 10 spell levels left.
You didn't know any spells.
Your spell library contained the following spells:

 Spells                   Type           Power      Damage    Failure   Level
 Poisonous Vapours        Pois/Air       0%         N/A       100%        2
 Mephitic Cloud           Conj/Pois/Air  0%         N/A       100%        3
 Portal Projectile        Hex/Tloc       0%         N/A       100%        3
 Tukima's Dance           Hex            0%         N/A       100%        3
 Animate Armour           Summ/Erth      0%         N/A       100%        4
 Blade Hands              Tmut           0%         N/A       100%        5
 Freezing Cloud           Conj/Ice/Air   0%         6-21      100%        5
 Iron Shot                Conj/Erth      0%         9d1       100%        6


Dungeon Overview and Level Annotations

Branches:
Dungeon (10/15)            Temple (1/1) D:5            Lair (0/5) D:10
    Orc (0/2) D:10

Altars:
Ashenzari
Cheibriados
Dithmenos
Fedhas
Gozag
Hepliaklqana
Kikubaaqudgha
Makhleb
Nemelex Xobeh
Okawaru
Qazlal
Ru
Sif Muna
Trog
Uskayaw
Vehumet
Wu Jian
Xom
Yredelemnul


Innate Abilities, Weirdness & Mutations

You are partially covered in large bone plates. (SH +4)
You sometimes gain power by taking damage.
A meltable shield of frost defends you. (SH +4)
You have a sharp stinger which inflicts weakening toxins.


Message History

The vampire is moderately damaged.
The vampire casts a spell.
The vampire flickers and vanishes!
Deactivating autopickup; reactivate with Ctrl-A.
You hit something. You burn something. You block something's attack.
Something bites you but does no damage. You block something's attack.
Something bites you but does no damage.
You hit something. You burn something. You tail-slap something.
Something completely misses you. Something bites you but does no damage.
You hit something but do no damage. You block something's attack. x2
You puncture something! You burn something.
Something draws life force from you.
You hit something. You burn something. Something draws life force from you!
You completely miss something. Something hits you but does no damage.
Something bites you!
Something draws strength from your injuries!
Something hits you but does no damage. Something completely misses you.
You hit something but do no damage.
Your tail-slap misses something.
Something hits you. Something bites you but does no damage.
You miss something. Something hits you. Something bites you but does no damage.
You closely miss something. Something draws life force from you!
You hit something. You burn something. Something hits you!
You block something's attack.
You hit something. You burn something. You tail-slap something.
You block something's attack. x2
You miss something. Something hits you but does no damage. Something bites you.
Something draws strength from your injuries!
You closely miss something. You block something's attack.
Something bites you but does no damage. Something hits you but does no damage.
You block something's attack.
You hit something. You burn something. Something draws life force from you!
* * * LOW HITPOINT WARNING * * *
You hit something. You burn something. You block something's attack. x2
Aiming: Minor Destruction (1% risk of failure)
Press: ? - help, Shift-Dir - straight line Something hits you but does no damage.
Something bites you but does no damage.
Aiming: Minor Destruction (1% risk of failure)
Press: ? - help, Shift-Dir - straight line Something draws life force from you!
You die...

#...>..............<.........
#.#################..........
#.#################..........
#............................
#.............########### ###
#############.# ########.#
.........###### ###
.......@{....... ...
............$... ...
###############.........
........ ###################
....... #..................
...... #.................
..... #.....[.......... ....
#..............# #.##


There were no monsters in sight!

Vanquished Creatures
  A manticore (D:10)
  2 komodo dragons
  A troll (D:10)
  Grinder (D:3)
  The ghost of infcreate the Shooter, an amateur DEHu (D:6)
  A vampire (D:10)
  Sigmund (D:5)
  2 wyverns
  2 shadows (D:9)
  8 yaks
  2 vampire mosquitoes (D:6)
  5 ice beasts
  2 sky beasts
  4 orc warriors
  An ogre (D:5)
  2 black bears
  7 centaurs
  A phantom (D:4)
  2 kobold brigands
  4 bullfrogs
  A scorpion (D:5)
  5 wights
  19 killer bees
  3 howler monkeys (D:9)
  4 jellies
  6 hounds
  5 orc priests
  A water moccasin simulacrum (D:6)
  3 gnoll boudas
  6 iguanas
  A sleepcap (D:7)
  5 orc wizards
  2 centaur simulacra (D:6)
  3 killer bee simulacra (D:6)
  A mummy (D:8)
  10 gnolls
  8 adders
  2 shadow imps
  A white imp (D:6)
  3 ufetubi
  2 worms (D:4)
  24 orcs
  9 endoplasms
  A giant cockroach (D:1)
  7 goblins
  10 hobgoblins
  12 jackals
  10 kobolds
  2 quokkas
  9 ball pythons
  2 bats
  6 frilled lizards
  8 rats
241 creatures vanquished.

Notes
Turn   | Place    | Note
-------+----------+-------------------------------------------
     0 | D:1      | Anriel the Demonspawn Gladiator began the quest for the
                  | Orb.
     0 | D:1      | Reached XP level 1. HP: 16/16 MP: 1/1
   193 | D:1      | Reached skill level 1 in Armour
   193 | D:1      | Gained mutation: You sometimes gain a little power by
                  | taking damage. [demonic ancestry]
   193 | D:1      | Reached XP level 2. HP: 22/22 MP: 2/2
   677 | D:2      | Reached skill level 3 in Polearms
   823 | D:2      | Reached XP level 3. HP: 24/27 MP: 3/3
  1286 | D:3      | Noticed Grinder
  1290 | D:3      | Paralysed by Grinder for 4 turns
  1300 | D:3      | Killed Grinder
  1301 | D:3      | Gained mutation: You have a small tail. [demonic ancestry]
  1301 | D:3      | Reached XP level 4. HP: 22/35 MP: 4/4
  1301 | D:3      | Reached XP level 5. HP: 25/41 MP: 5/5
  1568 | D:3      | Gained mutation: You have a tail ending in a sharp stinger.
                  | [demonic ancestry]
  1568 | D:3      | Reached XP level 6. HP: 35/47 MP: 6/6
  2156 | D:4      | Reached skill level 1 in Evocations
  2161 | D:4      | Found a large runed translucent door.
  2161 | D:4      | Found a large runed translucent door.
  2217 | D:4      | Noticed an orc warrior
  2238 | D:4      | Found a large runed translucent door.
  2238 | D:4      | Found a large runed translucent door.
  2281 | D:4      | Gained mutation: You are partially covered in large bone
                  | plates. (SH +4) [demonic ancestry]
  2281 | D:4      | Reached XP level 7. HP: 49/52 MP: 7/7
  2661 | D:4      | Reached skill level 4 in Polearms
  2824 | D:5      | Entered Level 5 of the Dungeon
  2824 | D:5      | Noticed Sigmund
  2837 | D:5      | Killed Sigmund
  2909 | D:5      | Found a staircase to the Ecumenical Temple.
  2936 | D:5      | Gained mutation: A meltable shield of frost defends you.
                  | (SH +4) [demonic ancestry]
  2936 | D:5      | Reached XP level 8. HP: 58/58 MP: 8/8
  2938 | Temple   | Entered the Ecumenical Temple
  3099 | Temple   | Became a worshipper of Makhleb the Destroyer
  3175 | D:5      | Reached skill level 5 in Armour
  3218 | D:5      | Reached skill level 5 in Polearms
  4124 | D:6      | Reached skill level 5 in Invocations
  4294 | D:6      | Noticed infcreate's ghost (amateur DEHu)
  4319 | D:6      | Found a runed translucent gate.
  4319 | D:6      | Found a runed translucent gate.
  4319 | D:6      | Found a runed translucent gate.
  4469 | D:6      | Reached skill level 5 in Dodging
  4884 | D:6      | Gained mutation: You sometimes gain power by taking damage.
                  | [demonic ancestry]
  4884 | D:6      | Reached XP level 9. HP: 49/67 MP: 12/12
  4891 | D:6      | Reached skill level 5 in Fighting
  4906 | D:6      | Killed infcreate's ghost
  4907 | D:6      | Reached skill level 6 in Polearms
  4933 | D:6      | Got the ring "Cecur" {Fire Contam Int+3 Dex+3}
  5080 | D:7      | Found a basalt altar of Yredelemnul.
  5092 | D:7      | Reached * piety under Makhleb
  5243 | D:7      | Reached skill level 7 in Polearms
  5490 | D:7      | Found an ancient bone altar of Kikubaaqudgha.
  5961 | D:8      | Reached skill level 5 in Evocations
  6038 | D:8      | Reached ** piety under Makhleb
  6039 | D:8      | Reached skill level 5 in Throwing
  6054 | D:8      | Gained mutation: You have a sharp stinger which inflicts
                  | weakening toxins. [demonic ancestry]
  6054 | D:8      | Reached XP level 10. HP: 52/74 MP: 13/13
  6436 | D:8      | Found a snail-covered altar of Cheibriados.
  6643 | D:8      | Reached skill level 8 in Polearms
  6977 | D:9      | Reached skill level 1 in Shields
  8020 | D:10     | Entered Level 10 of the Dungeon
  8078 | D:10     | Noticed a manticore
  8089 | D:10     | Killed a manticore
  8126 | D:10     | Found a staircase to the Orcish Mines.
  8239 | D:10     | Found a staircase to the Lair.
  8393 | D:10     | Found a shadowy altar of Dithmenos.
  8423 | D:10     | Reached *** piety under Makhleb
  8443 | D:10     | Reached skill level 5 in Shields
  8443 | D:10     | Reached XP level 11. HP: 61/79 MP: 14/14
  8685 | D:10     | Killed from afar by a vampire

Illustrated notes

Levels and vault maps discovered:
D:1:      kennysheep_arrival_forest, layout_rooms
D:2:      layout_loops_cross, chequers_serial_rivers_large_a, nrook_campfire,
          item_on_display_a
D:3:      layout_basic, corexii_item_surrounded_by_moat, minmay_bisected,
          uniq_grinder
D:4:      layout_loops_cross, minmay_hollow_rounded_squares
D:5:      layout_loops_ring, minmay_temple_entry_ruins, serial_rivers,
          chequers_serial_rivers_small_3, chequers_serial_rivers_large_b,
          chequers_serial_rivers_small_3, chequers_serial_rivers_micro_e,
          chequers_serial_rivers_small_3, uniq_sigmund
D:6:      layout_basic, gammafunk_ghost_icy, dk_noncrumbling_3
D:7:      layout_basic, amcnicky_altar_gilded, general_overflow_altar
D:8:      layout_basic, nicolae_tso_carved_into_rock, slow_altar_2,
          minmay_diced_spiral
D:9:      layout_loops_corners, minmay_lizard_king
D:10:     layout_long_grid, nicolae_elyvilon_temple_path,
          grunt_dithmenos_smoke_and_mirrors, grunt_lair_entry_orc_guard_hut
Temple:   eino_temple_scatter_basement

Skill      XL: |  1  2  3  4  5  6  7  8  9 10 |
---------------+-------------------------------+-----
Armour         | 1 3 4 5 6 |  6.7
Dodging        | 3 5 6 |  6.7
Polearms       | 3 4 5 7 8 |  8.4
Fighting       | 3 4 5 |  5.0
Throwing       | 2 3 5 |  5.0
Evocations     | 2 3 5 |  5.0
Invocations    | 5 |  5.1
Shields        | 5 |  5.1

Action                     |  1- 3 |  4- 6 |  7- 9 | 10-12 || total
---------------------------+-------+-------+-------+-------++-------
  Melee: Trident           |   104 |   139 |   491 |   255 ||   989
         Unarmed           |     3 |       |       |       ||     3
         Tailslap          |       |    12 |    50 |    34 ||    96
         Punch             |       |       |     2 |       ||     2
  Throw: Throwing net      |       |       |     1 |       ||     1
         Boomerang         |       |       |       |     6 ||     6
 Invoke: Minor Destruction |       |       |       |     4 ||     4
  Evoke: Wand              |       |       |     5 |    23 ||    28
    Use: Scroll            |    11 |     4 |    13 |     9 ||    37
         Potion            |       |       |     1 |     2 ||     3
 Armour: Leather armour    |     1 |       |       |       ||     1
         Chain mail        |    38 |    94 |   220 |     6 ||   358
         Plate armour      |       |       |       |   150 ||   150
  Dodge: Dodged            |    35 |    76 |   179 |    54 ||   344
  Block: Other             |       |       |   154 |    18 ||   172
         Tower shield      |       |       |       |   319 ||   319
         Reflection        |       |       |       |     3 ||     3
